 Dungeon Crawl Stone Soup version 0.16-a0-3643-g096a701 (webtiles) character file.

22738 PolkaDot the Grappler (level 12, -3/106 HPs)
             Began as a Mottled Draconian Monk on Jan 16, 2015.
             Was the Champion of Qazlal.
             Slain by a cyclops (34 damage)
             ... on level 14 of the Dungeon.
             The game lasted 00:44:07 (14556 turns).

PolkaDot the Grappler (Mottled Draconian Monk)     Turns: 14556, Time: 00:44:07

Health: -3/106     AC: 12    Str: 14    XL:     12   Next: 65%
Magic:  23/23      EV: 22    Int: 16    God:    Qazlal [******]
Gold:   909        SH:  8    Dex: 11    Spells: 2 memorised, 6 levels left

rFire  . . .     SeeInvis .       - Unarmed
rCold  + . .     Clarity  .     (armour unavailable)
rNeg   . . .     SustAb   .     (no shield)
rPois  .         Gourm    .     (helmet restricted)
rElec  +         Spirit   .     y - +0 cloak
rCorr  .         Warding  .     h - +0 pair of gloves
rMut   .         Stasis   .     m - +1 pair of boots
MR     .....                    p - amulet of the Air {Inacc +Fly rElec EV+5 RMsl}
Stlth  +.........               o - ring of protection from cold (curse)
                                s - +3 ring of slaying

@: repel missiles, not resistant to hostile enchantments, very unstealthy
A: breathe sticky flames, unfitting armour, horns 1, clumsy 1, regeneration 1,
cold-blooded, AC +8
a: Breathe Sticky Flame, Upheaval, Elemental Force, Disaster Area, Renounce
Religion, Evoke Flight


You were on level 14 of the Dungeon.
You worshipped Qazlal.
Qazlal was exalted by your worship.
You were not hungry.

You visited 2 branches of the dungeon, and saw 15 of its levels.
You also visited: Labyrinth and Sewer.

You collected 909 gold pieces.

Inventory:

Missiles
 u - 2 throwing nets (quivered)
Armour
 a - a troll hide {Purgy}
 h - a +0 pair of gloves (worn)
 m - a +1 pair of boots (worn)
 y - a +0 cloak (worn)
Rods
 Q - a +2 rod of inaccuracy (13/13)
   (You found it in a labyrinth)
Jewellery
 o - a cursed ring of protection from cold (right hand)
 p - the amulet of the Air (around neck) {Inacc +Fly rElec EV+5 RMsl}
   (You found it in a labyrinth)

   [amulet of inaccuracy]

   It reduces the accuracy of all your attacks.
   It affects your evasion (+5).
   It insulates you from electricity.
   It lets you fly.
   It protects you from missiles.
 r - an uncursed ring of flight
 s - a +3 ring of slaying (left hand)
 S - a cursed amulet of inaccuracy {unknown}
 X - an uncursed ring of teleport control
Magical devices
 n - a wand of digging (2)
 x - a wand of confusion (8)
 A - a wand of fire (0)
 D - a wand of teleportation (6)
 F - a wand of invisibility (1)
 J - a wand of polymorph (13)
 K - a wand of paralysis (10)
 L - a wand of fire (8)
 N - a wand of paralysis (9)
 O - a wand of lightning (7)
 R - a wand of draining (6)
Scrolls
 c - a scroll of vulnerability
 d - a scroll of amnesia
 e - 3 scrolls of fog
 f - 4 scrolls of teleportation
 g - a scroll of fear
 i - 3 scrolls of recharging
 k - 7 scrolls of remove curse
 l - 3 scrolls of magic mapping
 t - a scroll of immolation
 z - 2 scrolls of enchant armour
 B - 2 scrolls of summoning
 C - a scroll of blinking
 E - a scroll of silence
Potions
 j - a potion of ambrosia
 q - 7 potions of restore abilities
 M - a potion of magic
 P - a potion of cancellation
 T - 2 potions of curing
Comestibles
 b - 9 bread rations
 v - 4 fruits
 w - 2 meat rations
 G - 2 slices of pizza
 H - 24 royal jellies
 I - 15 chunks of flesh
 U - 4 mutagenic chunks of flesh


   Skills:
 - Level 10.0 Fighting
 + Level 10.3 Dodging
 - Level 1.7 Stealth
 * Level 14.9 Unarmed Combat
 + Level 7.0 Invocations


You had 6 spell levels left.
You knew the following spells:

 Your Spells              Type           Power        Failure   Level  Hunger
a - Apportation           Tloc           #.........   24%         1    ##.....
c - Control Teleport      Chrm/Tloc      #.........   99%         4    #####..


Dungeon Overview and Level Annotations

Branches:
Dungeon (14/15)            Temple (1/1) D:6            Lair (0/8) D:11
    Orc (0/4) D:12         Vaults (0/5) D:13

Altars:
Ashenzari
Cheibriados
Dithmenos
Elyvilon
Fedhas
Gozag
Kikubaaqudgha
Makhleb
Nemelex Xobeh
Okawaru
Qazlal
Ru
Sif Muna
Trog
Vehumet
Xom
Yredelemnul
Zin
The Shining One

Shops:
D:12 [   D:13 *


Innate Abilities, Weirdness & Mutations

You can spit globs of burning liquid.
You can ignite nearby creatures when you spit burning liquid.
Your weird mottled scales are hard (AC +8).
Your body does not fit into most forms of armour.
Your cold-blooded metabolism reacts poorly to cold.
You have a pair of small horns on your head.
You are clumsy. (Dex -2)
Your natural rate of healing is unusually fast.


Message History

Things that are here:
a mace of crushing; an orc skeleton
Things that are here:
a glaive; a chain mail
Things that are here:
a plate armour; a dagger; a leather armour You see here a war axe.
You start resting.
You start resting.
You see here a war axe.
The cyclops misses you.
Things that are here:
a plate armour; a dagger; a leather armour You closely miss the cyclops.
The cyclops barely misses you.
You pummel the cyclops!!
The cyclops is heavily wounded.
You hit the cyclops. You headbutt the cyclops!
The cyclops is severely wounded.
The cyclops hits you!!
You die...

... #.>... ...# #.... #..#
#.?. #C.# #..# #..# ##..#
#..# #...# #..## ##..§# . ##
#...#####)§..###..# .##
##).()).C@§.§......#
..######()).)#####§......#.#
#...)...)..####..)(.....?#
.#...)(..).# #.##.####.##
...#......## # .... .#
.#...#.....# #.....#
...#...#...# #.....#
.#...#.....# #######
...#...#...#


You could see a cyclops.

Vanquished Creatures
  A minotaur (Lab)
  A hydra (D:13)
  2 dancing weapons (D:13)
  A centaur warrior (D:13)
  Nergalle (D:13)
  5 hill giants
  A griffon (D:12)
  A manticore (D:13)
  An ugly thing (D:12)
  2 cyclopes
  A salamander (shapeshifter) (D:14)
  2 gargoyles
  A komodo dragon (D:11)
  2 kobold demonologists (D:14)
  A redback zombie (D:14)
  A troll (shapeshifter) (D:12)
  A queen bee (D:9)
  3 trolls
  A basilisk (shapeshifter) (D:14)
  A shadow (D:14)
  The ghost of Zuul the Cudgeler, an average GrGl of Qazlal (D:4)
  5 yaks (D:9)
  A deep elf mage (D:11)
  A neqoxec (D:14)
  2 hippogriffs
  2 hungry ghosts
  2 wyverns (D:12)
  Edmund (D:8)
  A soldier ant (D:14)
  A mottled dragon (D:14)
  Purgy (Sewer)
  2 wasps
  A sky beast (D:7)
  2 eyes of draining (D:13)
  A black bear (D:10)
  13 orc warriors
  4 ogres
  6 ice beasts
  A necrophage (D:11)
  8 centaurs
  4 giant frogs
  3 big kobolds
  A water moccasin zombie (D:10)
  A gnoll sergeant (D:8)
  3 scorpions
  25 killer bees (D:9)
  6 crimson imps
  3 quasits
  3 centaur zombies
  A giant frog zombie (D:13)
  2 electric eels (D:8)
  7 jellies
  4 giant frog skeletons
  A centaur skeleton (D:9)
  3 hounds
  Crazy Yiuf (D:6)
  7 iguanas
  13 orc wizards
  6 orc priests
  2 gnoll shamans
  8 worker ants
  A killer bee zombie (D:5)
  Ijyb (D:7)
  Jessica (D:3)
  Terence (D:3)
  A mummy (D:10)
  59 gnolls
  A worker ant zombie (D:5)
  17 adders
  A shadow imp (D:7)
  4 giant mites
  2 river rats (D:3)
  2 worms
  2 adder skeletons
  7 giant geckos
  6 oozes
  42 orcs
  6 ball pythons
  15 bats
  11 goblins
  18 hobgoblins
  5 quokkas
  4 giant cockroaches
  2 giant newts
  2 gnoll zombies (D:8)
  16 jackals
  A jackal zombie (D:8)
  10 kobolds
  2 quokka skeletons
  20 rats
  8 plants
458 creatures vanquished.

Vanquished Creatures (collateral kills)
  A centaur (D:8)
  A hound (D:8)
2 creatures vanquished.

Vanquished Creatures (others)
  2 orcs (D:8)
  A kobold (D:13)
  A giant spore (D:14)
  2 ballistomycetes (D:14)
  3 plants
9 creatures vanquished.

Grand Total: 469 creatures vanquished

Notes
Turn   | Place    | Note
--------------------------------------------------------------
     0 | D:1      | PolkaDot, the Draconian Monk, began the quest for the Orb.
     0 | D:1      | Reached XP level 1. HP: 19/19 MP: 1/1
   452 | D:1      | Reached XP level 2. HP: 26/26 MP: 2/2
   758 | D:1      | Found a glowing golden altar of the Shining One.
  1497 | D:2      | Reached XP level 3. HP: 18/33 MP: 3/3
  2132 | D:2      | Reached XP level 4. HP: 33/40 MP: 4/4
  2170 | D:3      | Found a glowing drain.
  2230 | D:3      | Noticed Terence
  2244 | D:3      | Gained mutation: Your natural rate of healing is unusually fast. [potion of mutation]
  2244 | D:3      | Gained mutation: You are clumsy. (Dex -2) [potion of mutation]
  2259 | D:3      | Killed Terence
  2259 | D:3      | Reached skill level 5 in Unarmed Combat
  2305 | Sewer    | Entered a sewer
  2444 | Sewer    | Noticed Purgy
  2478 | Sewer    | Killed Purgy
  2478 | Sewer    | Reached XP level 5. HP: 33/47 MP: 2/5
  2674 | D:3      | Reached skill level 5 in Fighting
  2674 | D:3      | Reached XP level 6. HP: 37/56 MP: 3/6
  3435 | D:3      | Noticed an ogre
  3483 | D:3      | Killed an ogre
  3483 | D:3      | Reached skill level 6 in Unarmed Combat
  3862 | D:3      | Your scales start taking on a weird mottled pattern.
  3862 | D:3      | Reached XP level 7. HP: 50/61 MP: 7/7
  4019 | D:3      | Noticed Jessica
  4031 | D:3      | Killed Jessica
  4034 | D:3      | Reached skill level 7 in Unarmed Combat
  5126 | D:4      | Reached XP level 8. HP: 70/70 MP: 8/8
  5133 | D:4      | Reached skill level 5 in Dodging
  5156 | D:4      | Noticed Zuul's ghost (average GrGl)
  5200 | D:4      | Killed Zuul's ghost
  5200 | D:4      | Reached skill level 8 in Unarmed Combat
  5272 | D:4      | Found a deep blue altar of Sif Muna.
  5572 | D:5      | Entered Level 5 of the Dungeon
  6195 | D:6      | Learned a level 4 spell: Control Teleport
  6256 | D:6      | Noticed Crazy Yiuf
  6261 | D:6      | Killed Crazy Yiuf
  6318 | D:6      | Found a staircase to the Ecumenical Temple.
  6331 | Temple   | Entered the Ecumenical Temple
  6574 | Temple   | Became a worshipper of Qazlal Stormbringer
  6574 | Temple   | Acquired Qazlal's first power
  6574 | Temple   | Acquired Qazlal's second power
  6782 | D:6      | Learned a level 1 spell: Apportation
  6807 | D:6      | Reached skill level 9 in Unarmed Combat
  6910 | D:6      | Found a sacrificial altar of Ru.
  7321 | D:7      | Reached XP level 9. HP: 55/79 MP: 5/9
  7936 | D:7      | Noticed Ijyb
  7943 | D:7      | Killed Ijyb
  8150 | D:8      | Gained mutation: You have a pair of small horns on your head. [potion of beneficial mutation]
  8180 | D:8      | Noticed Edmund
  8191 | D:8      | Killed Edmund
  8206 | D:8      | Acquired Qazlal's third power
  8526 | D:8      | Reached skill level 10 in Unarmed Combat
  8765 | D:8      | Found a basalt altar of Yredelemnul.
  9061 | D:8      | Found a sparkling altar of Nemelex Xobeh.
  9062 | D:8      | Found a shadowy altar of Dithmenos.
  9065 | D:8      | Found an iron altar of Okawaru.
  9268 | D:9      | Found a snail-covered altar of Cheibriados.
  9329 | D:9      | Acquired Qazlal's fourth power
  9355 | D:9      | Reached XP level 10. HP: 79/90 MP: 8/10
  9395 | D:9      | Reached skill level 11 in Unarmed Combat
 10410 | D:10     | Entered Level 10 of the Dungeon
 10429 | D:10     | Reached skill level 12 in Unarmed Combat
 10535 | D:10     | Acquired Qazlal's fifth power
 10642 | D:10     | Noticed a hill giant
 10651 | D:10     | Killed a hill giant
 10682 | D:10     | Reached XP level 11. HP: 75/99 MP: 11/11
 11331 | D:10     | Reached skill level 10 in Fighting
 11493 | D:11     | Reached skill level 1 in Invocations
 11676 | D:11     | Found a staircase to the Lair.
 11752 | D:11     | Noticed a hill giant
 11762 | D:11     | Killed a hill giant
 11762 | D:11     | Reached skill level 13 in Unarmed Combat
 12320 | D:12     | Found Qiawemm's Antique Armour Shoppe.
 12360 | D:12     | Noticed a hill giant
 12374 | D:12     | Killed a hill giant
 12414 | D:12     | Found a labyrinth entrance.
 12441 | Lab      | Entered a labyrinth
 12659 | Lab      | Noticed a minotaur
 12664 | Lab      | Killed a minotaur
 12673 | Lab      | Got a translucent lapis lazuli ring
 12677 | Lab      | Identified the ring "Khiseaf" {SustAb *Tele +Inv rF- HP+9 Dex-3} (You found it in a labyrinth)
 12684 | Lab      | Identified a +2 rod of inaccuracy (13/13) (You found it in a labyrinth)
 12725 | D:12     | Found a staircase to the Orcish Mines.
 13430 | D:13     | Noticed an enchanted long sword
 13434 | D:13     | Noticed a five-headed hydra
 13446 | D:13     | Killed an enchanted long sword
 13446 | D:13     | Reached skill level 14 in Unarmed Combat
 13446 | D:13     | Reached XP level 12. HP: 23/106 MP: 16/20
 13464 | D:13     | Killed a five-headed hydra
 13464 | D:13     | Reached skill level 5 in Invocations
 13530 | D:13     | Noticed an enchanted long sword
 13531 | D:13     | Noticed Nergalle
 13535 | D:13     | Killed an enchanted long sword
 13542 | D:13     | Killed Nergalle
 13554 | D:13     | Found a gate to the Vaults.
 13682 | D:13     | Noticed a hill giant
 13697 | D:13     | Killed a hill giant
 13872 | D:13     | Noticed a centaur warrior
 13879 | D:13     | Killed a centaur warrior
 13879 | D:13     | Reached skill level 10 in Dodging
 13924 | D:13     | Found Hyf Tujely's General Store.
 14556 | D:14     | Slain by a cyclops

Action                   |  1- 3 |  4- 6 |  7- 9 | 10-12 || total
-------------------------+-------+-------+-------+-------++-------
Melee: Unarmed           |   134 |   188 |   515 |   688 ||  1525
 Abil: Breathe Sticky Fl |       |       |    16 |     2 ||    18
Evoke: Wand              |       |       |     5 |    14 ||    19
  Use: Potion            |       |    11 |     4 |     9 ||    24
       Scroll            |       |     3 |    15 |     5 ||    23
 Stab: Sleeping          |     1 |       |     4 |       ||     5
       Distracted        |     1 |       |       |       ||     1
       Paralysed         |       |       |     3 |     3 ||     6
       Confused          |       |       |       |     1 ||     1
  Eat: Chunk             |     4 |     6 |    17 |    16 ||    43
       Bread ration      |       |       |     1 |       ||     1
       Fruit             |       |       |       |     3 ||     3
